 Dungeon Sprint DCSS version 0.18-a0-33-g9e10395 (console) character file.

66 Kellhus the Orcish Catastrophe (level 8, -16/62 HPs)
             Began as a Hill Orc Gladiator on Nov 5, 2015.
             Was an Elder of Qazlal.
             Demolished by Grum
             ... wielding a +1 halberd
              (18 damage)
             ... in the Dungeon (Sprint VI: "Thunderdome").
             The game lasted 00:03:12 (403 turns).

Kellhus the Orcish Catastrophe (Hill Orc Gladiator)  Turns: 403, Time: 00:03:12

Health: -16/62     AC:  4    Str: 20    XL:     8   Next: 56%
Magic:  14/21      EV: 12    Int:  8    God:    Qazlal [****..]
Gold:   310        SH:  5    Dex: 11    Spells: 0 memorised, 7 levels left

rFire  . . .     SeeInvis .     a - +0 war axe
rCold  . . .     Clarity  .     b - +0 leather armour
rNeg   . . .     SustAt   .     (no shield)
rPois  .         Gourm    .     c - +0 helmet
rElec  .         Spirit   .     (no cloak)
rCorr  .         Warding  .     (no gloves)
rMut   .         NoTele   +     (no boots)
MR     .....                    (no amulet)
Stlth  +.........               (no ring)
                                (no ring)

@: repel missiles, not resistant to hostile enchantments, very unstealthy
A: no striking features
a: Upheaval, Elemental Force, Renounce Religion


You were in the Dungeon.
You worshipped Qazlal.
Qazlal was greatly pleased with you.
You were not hungry.

You visited 1 branch You collected 310 gold pieces.

Inventory:

Hand Weapons
 a - a +0 war axe (weapon)
Missiles
 d - 3 throwing nets (quivered)
Armour
 b - a +0 leather armour (worn)
 c - a +0 helmet (worn)
Wands
 m - a wand of cold (2)
 n - a wand of fire (2)
Scrolls
 k - 4 scrolls of blinking
 o - 3 scrolls of fog
Potions
 f - a potion of curing
 g - 3 potions of heal wounds
 h - 4 potions of haste
 i - 2 potions of magic
 j - a potion of berserk rage
 l - a potion of resistance
Comestibles
 e - a bread ration
 p - 6 chunks of flesh


   Skills:
 - Level 2.4 Fighting
 - Level 12.4 Axes
 - Level 1.7 Throwing
 - Level 2.4 Dodging
 + Level 18.8 Invocations


You had 7 spell levels left.
You didn't know any spells.

Dungeon Overview and Level Annotations

Branches:
Dungeon (1/1)

Altars:
Cheibriados
Dithmenos
Fedhas
Gozag
Makhleb
Okawaru
Qazlal
Ru
Sif Muna
Trog
Vehumet
Xom
Yredelemnul
Zin
The Shining One
Jiyva

Shops:
D *[%???:(!!!!

Annotations:
D Grum


Message History

Unknown command.
Unknown command.
Unknown command.
You are too injured to fight recklessly!
You are too injured to fight recklessly!
Your leather armour prevents you from hitting the hell hound.
The hell hound is almost dead.
The hell hound bites you!
* * * LOW HITPOINT WARNING * * *
Press: ? - help, v - describe, . - travel
Here: Grum, wielding an enchanted halberd and wearing an animal skin The floor.
Quiver which item? (- for none, * to show all) (? for menu, Esc to quit)
Okay, then.
Quiver which item? (- for none, * to show all) (? for menu, Esc to quit)
Okay, then.
The hell hound misses you. You block the hell hound's attack.
The hell hound misses you.
Grum hits you from afar with an enchanted halberd!!
You die...

#........_# #.........#
###.........### #⌠...........⌠#
######.8.........8.######
##∩.__......###......___∩##
###∩...÷....8.# #.8........∩###
##.............###.............#
#⌠..........###..†###..........⌠
#⌠..........# #.<§# #..........⌠
#⌠..........###@§.###.[........⌠
##..........§hh###.............#
###∩........8g# #.8........∩###
##∩___......# #......_._∩##
######.8.........8.######
#⌠...........⌠# ###.........###
#_......._# #_......._#


You could see Grum, a hell hound and a wolf.

Vanquished Creatures
  A spiny frog (D)
  2 blink frogs (D)
  2 wolves (D)
  A necrophage (D)
  A phantom (D)
  2 giant frogs (D)
  A crimson imp (D)
  A wight (D)
  An iron imp (D)
  A quasit (D)
  2 shadow imps (D)
  An adder skeleton (D)
  An adder zombie (D)
17 creatures vanquished.

Notes
Turn   | Place    | Note
--------------------------------------------------------------
     0 | D        | Kellhus the Hill Orc Gladiator began the quest for the Orb.
     0 | D        | Reached XP level 1. HP: 18/18 MP: 1/1
     0 | D        | Found an opulent altar of Gozag.
     0 | D        | Found a radiant altar of Vehumet.
     1 | D        | Found a sacrificial altar of Ru.
     1 | D        | Found a deep blue altar of Sif Muna.
     4 | D        | Found a burning altar of Makhleb.
     4 | D        | Found a glowing golden altar of the Shining One.
     5 | D        | Found a blossoming altar of Fedhas.
     5 | D        | Round 1.
     7 | D        | Noticed a wight
     8 | D        | Found a stormy altar of Qazlal.
     9 | D        | Found a viscous altar of Jiyva.
     9 | D        | Found a shimmering altar of Xom.
    10 | D        | Found a basalt altar of Yredelemnul.
    10 | D        | Found a snail-covered altar of Cheibriados.
    11 | D        | Found Taifi's Distillery.
    11 | D        | Found Curraitu's Do-It-Yourself Clinic.
    12 | D        | Found Tubbiacuem's Distillery.
    12 | D        | Found Jyddej's Bottled Wisdom.
    16 | D        | Became a worshipper of Qazlal Stormbringer
    26 | D        | Killed a wight
    26 | D        | Reached skill level 9 in Axes
    26 | D        | Reached XP level 2. HP: 11/25 MP: 2/2
    26 | D        | Reached XP level 3. HP: 13/30 MP: 3/3
    35 | D        | Found a glowing silver altar of Zin.
    36 | D        | Found an iron altar of Okawaru.
    37 | D        | Found a bloodstained altar of Trog.
    38 | D        | Found Tuymnusk's Magic Scroll Shop.
    38 | D        | Found Xutaf's Staff Store.
    39 | D        | Noticed a phantom
    39 | D        | Found Jezusk's Magic Scroll Shop.
    39 | D        | Found Laesch's Must-Have Magic.
    41 | D        | Killed a phantom
    41 | D        | Reached skill level 12 in Axes
    41 | D        | Reached XP level 4. HP: 18/37 MP: 4/4
    64 | D        | Found Ecoacvos's Bee Food.
    65 | D        | Found Leisymur's Jewellery.
    65 | D        | Found Fenow's Advanced Armour.
    65 | D        | Found a shadowy altar of Dithmenos.
    65 | D        | Found User's Identification Station.
    72 | D        | Reached * piety under Qazlal
    72 | D        | Reached skill level 1 in Invocations
    72 | D        | Reached XP level 5. HP: 20/42 MP: 4/6
    83 | D        | Noticed a necrophage
    87 | D        | Killed a necrophage
    99 | D        | Arena points: 12 (+12) [x2]
   179 | D        | Round 2.
   188 | D        | Reached ** piety under Qazlal
   188 | D        | Reached XP level 6. HP: 42/50 MP: 11/13
   203 | D        | Reached skill level 10 in Invocations
   206 | D        | Reached *** piety under Qazlal
   209 | D        | Arena points: 48 (+36) [x3]
   266 | D        | Round 3.
   279 | D        | Noticed a blink frog
   280 | D        | Killed a blink frog
   280 | D        | Reached skill level 14 in Invocations
   280 | D        | Reached XP level 7. HP: 48/56 MP: 14/17
   294 | D        | Noticed a spiny frog
   294 | D        | Killed a spiny frog
   294 | D        | Reached skill level 16 in Invocations
   310 | D        | Reached skill level 17 in Invocations
   310 | D        | Reached XP level 8. HP: 26/62 MP: 10/20
   314 | D        | Noticed a blink frog
   321 | D        | Killed a blink frog
   321 | D        | Reached **** piety under Qazlal
   360 | D        | Arena points: 66 (+18) [x1]
   375 | D        | Round 4.
   386 | D        | Reached skill level 18 in Invocations
   397 | D        | Noticed Grum
   401 | D        | HP: 1/62 [hell hound (11)]
   403 | D        | Demolished by Grum

Vault maps used:
D:        arena_sprint

Action                   |  1- 3 |  4- 6 |  7- 9 || total
-------------------------+-------+-------+-------++-------
Melee: War axe           |     4 |    29 |    25 ||    58
Invok: Upheaval          |       |       |     5 ||     5
Evoke: Wand              |     1 |     2 |     3 ||     6
  Use: Potion            |       |       |     1 ||     1
